 Dungeon Crawl Stone Soup version 0.20.1-1-g8b1a95d (webtiles) character file.

4618 daravenninja the Carver (level 10, -1/67 HPs)
             Began as a Human Gladiator on Nov 20, 2017.
             Was a Believer of the Shining One.
             Killed from afar by an electric eel (9 damage)
             ... with a bolt of electricity
             ... on level 9 of the Dungeon.
             The game lasted 00:24:38 (11129 turns).

daravenninja the Carver (Human Gladiator)          Turns: 11129, Time: 00:24:39

Health: -1/67      AC:  6    Str: 17    XL:     10   Next: 69%
Magic:  26/26      EV: 16    Int:  9    God:    the Shining One [**....]
Gold:   490        SH:  0    Dex: 15    Spells: 9/9 levels left

rFire    + . .     SeeInvis .   a - +3 great sword
rCold    + . .     Gourm    .   (shield currently unavailable)
rNeg     + . .     Faith    .   b - +0 leather armour
rPois    .         Spirit   .   c - +1 helmet
rElec    .         Reflect  .   n - scarf {rC+ rF+}
rCorr    .         Harm     .   (no gloves)
MR       .....                  (no boots)
Stlth    +.........             (no amulet)
Regen    0.3/turn               f - +1 ring of protection
MPRegen  0.2/turn               j - ring of magical power

@: glowing
A: no striking features
a: Divine Shield, Renounce Religion


You were on level 9 of the Dungeon.
You worshipped the Shining One.
The Shining One was pleased with you.
You were not hungry.

You visited 2 branches of the dungeon, and saw 10 of its levels.
You also visited: Sewer.

You collected 544 gold pieces.
You donated 54 gold pieces to Zin.

Inventory:

Hand Weapons
 a - a +3 great sword (weapon)
 k - a +0 rapier
 z - a +2 long sword
 A - the +3 rapier of Bread {vamp, Stlth+}
   (You found it on level 5 of the Dungeon)

   It inflicts no extra harm, but heals its wielder when it wounds a living foe.
   It makes you more stealthy.
   The Shining One disapproves of the use of such an item.
 C - a +1 short sword of freezing
Missiles
 d - 4 throwing nets (quivered)
Armour
 b - a +0 leather armour (worn)
 c - a +1 helmet (worn)
 n - a scarf of resistance (worn)
Jewellery
 f - a +1 ring of protection (left hand)
 j - a ring of magical power (right hand)
 p - an uncursed ring of loudness
Wands
 r - a wand of flame (30/48)
 B - a wand of flame (36/48)
 E - a wand of flame (25/48)
Scrolls
 e - a scroll of acquirement {unknown}
 g - 2 scrolls of identify
 h - 2 scrolls of fear {unknown}
 i - 4 scrolls of enchant armour
 l - 3 scrolls of teleportation
 s - 6 scrolls of remove curse
 v - 2 scrolls of blinking
 x - a scroll of silence {unknown}
Potions
 q - 2 potions of flight
 w - a potion of berserk rage
Books
 m - a Young Poisoner's Handbook

   Spells                             Type                      Level
   a - Sting                          Conjuration/Poison           1
   b - Poisonous Vapours              Poison/Air                   2
   c - Mephitic Cloud                 Conjuration/Poison/Air       3
   d - Olgreb's Toxic Radiance        Poison                       4
   e - Venom Bolt                     Conjuration/Poison           5
 y - a book of Misfortune

   Spells                             Type                      Level
   a - Confusing Touch                Hexes                        1
   b - Confuse                        Hexes                        3
   c - Gell's Gravitas                Translocation                3
   d - Petrify                        Transmutation/Earth          4
   e - Metabolic Englaciation         Hexes/Ice                    5
   f - Yara's Violent Unravelling     Hexes/Transmutation          5
Comestibles
 o - a meat ration
 u - 2 bread rations
 F - 2 royal jellies


   Skills:
 - Level 2.0 Fighting
 - Level 10.4 Long Blades
 - Level 2.0 Throwing
 + Level 6.7 Dodging
 - Level 10.1 Invocations


You had 9 spell levels left.
You didn't know any spells.

Dungeon Overview and Level Annotations

Branches:
Dungeon (9/15)             Temple (1/1) D:4            Lair (0/6) D:9
    Orc: D:9-12

Altars:
Ashenzari
Cheibriados
Dithmenos
Elyvilon
Fedhas
Gozag
Hepliaklqana
Kikubaaqudgha
Makhleb
Nemelex Xobeh
Okawaru
Qazlal
Ru
Sif Muna
Trog
Uskayaw
Vehumet
Yredelemnul
Zin
The Shining One


Message History

The hippogriff claws you.
You slash the hippogriff!
The hippogriff is almost dead.
The hippogriff completely misses you. The hippogriff pecks you.
The hippogriff claws you but does no damage.
You slice the hippogriff!!
You kill the hippogriff!
The electric eel shoots out a bolt of lightning at you!
The bolt of electricity hits you! x2
You see here a hippogriff corpse.
You slash the electric eel!
The electric eel is almost dead.
The electric eel shoots out a bolt of lightning at you!
The bolt of electricity hits you! x2
* * * LOW HITPOINT WARNING * * *
The electric eel shoots out a bolt of lightning at you!
The bolt of electricity hits you!
* * * LOW HITPOINT WARNING * * *
The bolt of electricity hits you!
You die...

#.#.............#
#.####'####'###.# #.# #.#
#.# # . #.####.#
#.###.#..# # #......#
#>........
######.##########.##.#..#
....)[..###..............
#######.......≈...≈......
# #..........≈@.≈≈≈≈≈≈.
#..........≈;≈≈≈≈≈≈≈≈
#....##....≈≈≈≈≈..≈≈≈
#....##....≈≈≈$.≈...≈
#....##..≈≈.≈≈≈...≈..
#....##...≈≈≈≈..>...
#.......≈≈.≈≈≈≈....≈
#....#....≈≈≈≈.≈≈.≈≈
#....##..≈.≈≈≈;


You could see an electric eel.

Vanquished Creatures
  Pikel (D:8)
  The ghost of 40fy the Firebug, a novice DrFE (D:5)
  A hippogriff (D:9)
  Eustachio (D:4)
  A hungry ghost (D:8)
  A water moccasin (D:8)
  2 orc warriors
  3 phantoms
  3 ice beasts
  An ogre (D:9)
  3 wolves (D:9)
  4 bullfrogs
  A scorpion (D:5)
  11 killer bees (D:9)
  4 wights (D:7)
  2 howler monkeys
  4 crimson imps
  A quasit (D:8)
  4 orc priests
  5 hounds
  A jelly (D:8)
  5 orc wizards
  Crazy Yiuf (D:7)
  A bullfrog skeleton (D:6)
  2 iguanas (D:7)
  Terence (D:3)
  Natasha (thrice) (D:3)
  5 worker ants
  A mummy (D:8)
  2 hound skeletons
  18 adders
  2 oozes
  4 worms
  2 dart slugs
  10 leopard geckos
  15 orcs
  10 giant cockroaches
  9 hobgoblins
  17 jackals
  2 quokkas
  7 ball pythons
  3 bats
  13 frilled lizards
  A giant cockroach zombie (D:5)
  5 goblins
  A jackal skeleton (D:8)
  8 kobolds
  8 rats
211 creatures vanquished.

Notes
Turn   | Place    | Note
-------+----------+-------------------------------------------
     0 | D:1      | daravenninja the Human Gladiator began the quest for the Orb.
     0 | D:1      | Reached XP level 1. HP: 16/16 MP: 1/1
   249 | D:1      | Reached XP level 2. HP: 22/22 MP: 2/2
   470 | D:1      | Reached XP level 3. HP: 25/27 MP: 3/3
  1168 | D:2      | Found a shattered altar of Ashenzari.
  1168 | D:2      | Found a faded altar of an unknown god.
  1174 | D:2      | Reached XP level 4. HP: 31/33 MP: 4/4
  1483 | D:2      | Found a blossoming altar of Fedhas.
  1753 | D:3      | Found a glowing drain.
  1756 | D:3      | Reached skill level 5 in Long Blades
  1783 | Sewer    | Entered a sewer
  1886 | Sewer    | Reached XP level 5. HP: 27/38 MP: 5/5
  2258 | Sewer    | Noticed a bullfrog
  2259 | Sewer    | Noticed a bullfrog
  2349 | Sewer    | Killed a bullfrog
  2349 | Sewer    | Reached XP level 6. HP: 24/44 MP: 6/6
  3054 | D:3      | Noticed Terence
  3077 | D:3      | Killed Terence
  3403 | D:3      | Found a sparkling altar of Nemelex Xobeh.
  3420 | D:3      | Noticed Natasha
  3428 | D:3      | Killed Natasha
  3428 | D:3      | Reached XP level 7. HP: 50/50 MP: 7/7
  3483 | D:3      | Noticed Natasha
  3489 | D:3      | Killed Natasha
  3944 | D:3      | Found a sparkling altar of Nemelex Xobeh.
  4160 | D:3      | Noticed Natasha
  4168 | D:3      | Killed Natasha
  4921 | D:4      | Found a staircase to the Ecumenical Temple.
  4994 | Temple   | Entered the Ecumenical Temple
  5188 | Temple   | Became a worshipper of Zin the Law-Giver
  5188 | Temple   | Reached * piety under Zin
  5305 | D:4      | Noticed Eustachio
  5352 | D:4      | Killed Eustachio
  5352 | D:4      | Reached XP level 8. HP: 32/56 MP: 8/8
  5373 | D:4      | HP: 2/56 [phantom (6)]
  6329 | D:4      | Found a shadowy altar of Dithmenos.
  6376 | D:5      | Entered Level 5 of the Dungeon
  6376 | D:5      | Noticed 40fy's ghost (novice DrFE)
  6555 | D:5      | Killed 40fy's ghost
  6555 | D:5      | Reached skill level 10 in Long Blades
  6994 | D:5      | Reached ** piety under Zin
  7129 | D:5      | Reached XP level 9. HP: 57/61 MP: 11/11
  7163 | D:5      | Found a radiant altar of Vehumet.
  7468 | D:6      | Reached *** piety under Zin
  7946 | D:6      | Reached skill level 5 in Invocations
  8322 | D:7      | Found a sacrificial altar of Ru.
  8405 | D:7      | Found a runed door.
  8441 | D:7      | Noticed Crazy Yiuf
  8447 | D:7      | Killed Crazy Yiuf
  8553 | D:7      | Found a hide-covered altar of Uskayaw.
  8554 | D:7      | Found a white marble altar of Elyvilon.
  8978 | D:5      | Got an encrusted rapier
  8979 | D:5      | Identified the +3 rapier of Bread {vamp, Stlth+} (You found it on level 5 of the Dungeon)
  9049 | D:7      | Noticed a gargoyle
  9212 | D:7      | Reached **** piety under Zin
  9485 | D:8      | Noticed Pikel
  9505 | D:8      | Killed Pikel
  9505 | D:8      | Reached XP level 10. HP: 43/67 MP: 17/17
  9537 | D:8      | Found a sand-covered staircase.
  9660 | D:8      | Reached skill level 10 in Invocations
  9966 | D:9      | Found a glowing golden altar of the Shining One.
 10003 | D:9      | Fell from the grace of Zin
 10003 | D:9      | Became a worshipper of the Shining One
 10003 | D:9      | Reached * piety under the Shining One
 10003 | D:9      | Reached ** piety under the Shining One
 10112 | D:9      | Reached skill level 5 in Dodging
 10837 | D:9      | HP: 2/67 [killer bee (3)]
 11122 | D:9      | Found a staircase to the Lair.
 11129 | D:9      | Killed from afar by an electric eel

Skill      XL: |  1  2  3  4  5  6  7  8  9 10 |
---------------+-------------------------------+-----
Long Blades    | 4 5 6 7 9 10 | 10.4
Invocations    | 2 9 10 | 10.1
Dodging        | 6 |  6.7
Fighting       | |  2.0
Throwing       | |  2.0

Action                   |  1- 3 |  4- 6 |  7- 9 | 10-12 || total
-------------------------+-------+-------+-------+-------++-------
Melee: Long sword        |    85 |   184 |   410 |       ||   679
       Great sword       |       |       |    61 |    80 ||   141
Throw: Throwing net      |       |     1 |       |       ||     1
Invok: Recite            |       |       |     8 |       ||     8
       Imprison          |       |       |     1 |       ||     1
       Divine Shield     |       |       |       |     1 ||     1
Evoke: Wand              |       |       |       |     2 ||     2
  Use: Scroll            |     1 |     4 |     8 |     1 ||    14
       Potion            |     2 |       |     6 |     6 ||    14
 Stab: Sleeping          |     1 |     1 |     3 |       ||     5
       Held in net/web   |       |     2 |       |       ||     2
       Confused          |       |       |     1 |       ||     1
       Invisible         |       |       |     1 |       ||     1
  Eat: Chunk             |     1 |     3 |     9 |       ||    13
       Bread ration      |       |     1 |     1 |       ||     2
       Royal jelly       |       |       |     1 |       ||     1
       Fruit             |       |       |     1 |       ||     1
       Meat ration       |       |       |     3 |     1 ||     4
Armor: Leather armour    |    23 |    61 |   114 |    18 ||   216
       Skin              |     7 |       |       |       ||     7
Dodge: Dodged            |    71 |   130 |   288 |   104 ||   593
Block: Other             |       |       |       |     1 ||     1
       Rpst.: Long sword |    24 |    35 |    73 |       ||   132
       Great sword       |       |       |    16 |    41 ||    57
